 Dungeon Crawl Stone Soup version 0.30.0-20-g3615ddf2f0 (webtiles) character file.

Game seed: 10296927694123096106

2471 qw the Fighter (level 9, -1/68 HPs)
             Began as a Gargoyle Fighter on May 27, 2023.
             Slain by a two-headed ogre
             ... wielding a +0 giant club
              (12 damage)
             ... on level 6 of the Dungeon.
             The game lasted 00:03:18 (5663 turns).

qw the Fighter (Gargoyle Fighter)                   Turns: 5663, Time: 00:03:19

Health: -1/68      AC: 21    Str: 24    XL:     9   Next: 51%
Magic:  9/9        EV:  7    Int:  9    God:
Gold:   53         SH:  4    Dex:  9    Spells: 8/8 levels left

rFire   . . .        Y - +1 war axe
rCold   . . .        c - +0 buckler
rNeg    + . .        a - +0 plate armour
rPois   inf          o - +1 helmet
rElec   +            (no cloak)
rCorr   .            e - +0 pair of gloves
SInv    .            (no boots)
Will    .....        (no amulet) Stlth
                     (no ring)
HPRegen 0.31/turn    (no ring)
MPRegen 0.11/turn

%: no passive effects
@: no status effects
A: sickness immunity, AC +6, negative energy resistance 1, electricity
resistance, torment resistance 1, petrification resistance
a: no special abilities


You were on level 6 of the Dungeon.
You visited 2 branches of the dungeon, and saw 7 of its levels.

You collected 265 gold pieces.
You spent 212 gold pieces at shops.


Innate Abilities, Weirdness & Mutations

You are immune to sickness and miasma.
Your stone body is resilient. (AC +6)
You are immune to poison.
You resist negative energy. (rN+)
You are resistant to electric shocks. (rElec)
You are resistant to unholy torment.
You are immune to petrification.


   Skills:
 - Level 13.8 Fighting
 - Level 8.0 Axes
 + Level 4.7 Armour
 - Level 1.8 Dodging
 - Level 3.2 Shields


You had 8 spell levels left.
You didn't know any spells.
Your spell library was empty.

Inventory:

Hand Weapons
 b - a +1 flail of holy wrath
 Y - a +1 war axe (weapon)
Armour
 a - a +0 plate armour (worn)
 c - a +0 buckler (worn)
 e - a +0 pair of gloves (worn)
 g - a +0 cloak
 o - a +1 helmet (worn)
Wands
 j - a wand of digging (7)
Scrolls
 m - 2 scrolls of identify
Potions
 d - a potion of might
 f - 2 potions of haste
 i - a potion of attraction
 k - 2 potions of resistance
 l - 3 potions of lignification
 n - 7 potions of curing

Dungeon Overview and Level Annotations

Branches:
Dungeon (6/15)             Temple (1/1) D:5

Altars:
Cheibriados
Dithmenos
Elyvilon
Gozag
Hepliaklqana
Qazlal
Ru
Trog
Uskayaw
Vehumet
Wu Jian
Xom
Yredelemnul
Zin
The Shining One

Shops:
D:3 *   D:5 *


Message History

An iguana comes into view.
The iguana hisses angrily.
Enter note:
Enter note: You slash the iguana!
The iguana is heavily wounded.
The iguana barely misses you.
You closely miss the iguana.
The iguana is heavily wounded.
The iguana bites you but does no damage.
You closely miss the iguana.
The iguana is heavily wounded.
The iguana bites you but does no damage.
You slash the iguana!
You kill the iguana!
Found a ring mail.
Enter note:
Enter note:
Found a stone staircase leading down.
Enter note:
Enter note: A two-headed ogre comes into view.
It is wielding two +0 giant clubs.
Enter note:
Enter note: You hit the two-headed ogre.
The two-headed ogre is lightly wounded.
The two-headed ogre hits you with a +0 giant club!
The two-headed ogre barely misses you.
You barely miss the two-headed ogre.
The two-headed ogre is lightly wounded.
The two-headed ogre hits you with a +0 giant club! x2
You barely miss the two-headed ogre. The two-headed ogre closely misses you.
The two-headed ogre hits you with a +0 giant club!
You hit the two-headed ogre but do no damage.
You hit the two-headed ogre.
The two-headed ogre is lightly wounded.
The two-headed ogre hits you with a +0 giant club.
The two-headed ogre hits you with a +0 giant club!
You die...

##..#...##..#.#
#...#..#..#.#
###.##....#.#
#.##....#.#
..........#
.......#..#
.........#..###
.........#....###
##..#.####.##.@>#
. ....#. #.####O#
#... #.# .# ....
#.# .# #...# #.#
.# ##..# ... ..
..... ... #.
##.## #.# # #


You could see a two-headed ogre.

Vanquished Creatures
  Menkaure (D:4)
  Edmund (D:4)
  2 black bears
  A sky beast (D:6)
  2 ogres (D:5)
  A phantom (D:4)
  Blork the orc (D:5)
  4 scorpions
  2 howler monkeys
  3 jellies
  An orc priest (D:5)
  3 hounds
  2 sleepcaps
  Ijyb (D:2)
  An iguana (D:6)
  An orc wizard (D:3)
  Natasha (D:2)
  Robin (D:4)
  4 adders
  4 gnolls
  A white imp (D:4)
  An adder zombie (D:2)
  An adder skeleton (D:2)
  A worm (D:5)
  4 dart slugs
  17 orcs
  3 ball pythons
  4 bats (D:1)
  A bat zombie (D:2)
  10 endoplasms
  8 giant cockroaches
  18 goblins
  3 hobgoblins
  2 jackals (D:2)
  9 kobolds
  10 quokkas
  A ball python zombie (D:2)
  A frilled lizard (D:3)
  A quokka zombie (D:2)
  6 rats
139 creatures vanquished.

Notes
Turn   | Place    | Note
-------+----------+-------------------------------------------
     0 | D:1      | qw the Gargoyle Fighter began the quest for the Orb.
     0 | D:1      | Reached XP level 1. HP: 14/14 MP: 1/1
     0 | D:1      | 0 ||| qw: Version: 0.2-a-99-gce666ed
     0 | D:1      | 0 ||| qw: Game counter: 141
     0 | D:1      | 0 ||| qw: Always use a shield: true
     0 | D:1      | 0 ||| qw: God list: Okawaru
     0 | D:1      | 0 ||| qw: Allow faded altars: false
     0 | D:1      | 0 ||| qw: Do Orc after D:15 true
     0 | D:1      | 0 ||| qw: Do second Lair branch before Depths: true
     0 | D:1      | 0 ||| qw: Lair rune preference: random
     0 | D:1      | 0 ||| qw: Plans: Normal, Zot:1-4, God:TSO, Crypt, Tomb,
                  | Pan, Slime:5, Hells, Abyss, Win
     0 | D:1      | 0 ||| PLANNING D:1-11
   104 | D:1      | Reached XP level 2. HP: 19/19 MP: 2/2
   273 | D:1      | 273 ||| Stepping ~*~*~tactically~*~*~ (hiding).
   360 | D:1      | Reached skill level 3 in Axes
   454 | D:1      | Reached XP level 3. HP: 23/23 MP: 3/3
   553 | D:1      | 553 ||| DROPPING +0 whip.
   903 | D:1      | 903 ||| Stepping ~*~*~tactically~*~*~ (hiding).
  1016 | D:1      | 1016 ||| READING scroll labelled VOLLUOM GECZI.
  1117 | D:1      | 1117 ||| READING scroll labelled NUSTRI CAXE.
  1118 | D:1      | 1118 ||| READING scroll labelled VOIBU YNOLL.
  1119 | D:1      | 1119 ||| DRINKING 2 emerald potions.
  1190 | D:2      | 1190 ||| Stepping ~*~*~tactically~*~*~ (hiding).
  1198 | D:2      | 1198 ||| Stepping ~*~*~tactically~*~*~ (hiding).
  1258 | D:2      | 1258 ||| Stepping ~*~*~tactically~*~*~ (stealth).
  1260 | D:2      | 1260 ||| Stepping ~*~*~tactically~*~*~ (stealth).
  1267 | D:2      | 1267 ||| Stepping ~*~*~tactically~*~*~ (stealth).
  1284 | D:2      | 1284 ||| Stepping ~*~*~tactically~*~*~ (stealth).
  1286 | D:2      | 1286 ||| Stepping ~*~*~tactically~*~*~ (stealth).
  1325 | D:2      | 1325 ||| DROPPING +1 mace of holy wrath.
  1346 | D:2      | Reached XP level 4. HP: 28/28 MP: 4/4
  1353 | D:2      | 1353 ||| Stepping ~*~*~tactically~*~*~ (stealth).
  1423 | D:2      | 1423 ||| Stepping ~*~*~tactically~*~*~ (stealth).
  1425 | D:2      | 1425 ||| Stepping ~*~*~tactically~*~*~ (stealth).
  1528 | D:2      | 1528 ||| Stepping ~*~*~tactically~*~*~ (stealth).
  1554 | D:2      | Noticed Ijyb
  1566 | D:2      | Killed Ijyb
  1572 | D:2      | 1572 ||| FLEEEEING.
  1573 | D:2      | 1573 ||| FLEEEEING.
  1574 | D:2      | 1574 ||| FLEEEEING.
  1575 | D:2      | 1575 ||| FLEEEEING.
  1576 | D:2      | 1576 ||| FLEEEEING.
  1619 | D:2      | 1619 ||| Stepping ~*~*~tactically~*~*~ (stealth).
  1621 | D:2      | 1621 ||| Stepping ~*~*~tactically~*~*~ (hiding).
  1749 | D:2      | 1749 ||| Stepping ~*~*~tactically~*~*~ (hiding).
  1750 | D:2      | 1750 ||| Stepping ~*~*~tactically~*~*~ (hiding).
  1751 | D:2      | 1751 ||| Stepping ~*~*~tactically~*~*~ (hiding).
  1752 | D:2      | 1752 ||| Stepping ~*~*~tactically~*~*~ (hiding).
  2104 | D:2      | 2104 ||| Stepping ~*~*~tactically~*~*~ (stealth).
  2127 | D:2      | Identified the +5 dagger "Getibets" {pain, rN+ Int+3}
  2224 | D:2      | Noticed Natasha
  2226 | D:2      | 2226 ||| Stepping ~*~*~tactically~*~*~ (hiding).
  2227 | D:2      | 2227 ||| Stepping ~*~*~tactically~*~*~ (hiding).
  2228 | D:2      | 2228 ||| Stepping ~*~*~tactically~*~*~ (hiding).
  2229 | D:2      | 2229 ||| Stepping ~*~*~tactically~*~*~ (hiding).
  2230 | D:2      | 2230 ||| Stepping ~*~*~tactically~*~*~ (hiding).
  2231 | D:2      | 2231 ||| Stepping ~*~*~tactically~*~*~ (hiding).
  2237 | D:2      | Killed Natasha
  2238 | D:2      | Reached XP level 5. HP: 29/32 MP: 5/5
  2407 | D:2      | 2407 ||| DRINKING 2 ruby potions.
  2475 | D:3      | 2475 ||| Stepping ~*~*~tactically~*~*~ (hiding).
  2746 | D:3      | 2746 ||| Stepping ~*~*~tactically~*~*~ (stealth).
  2748 | D:3      | 2748 ||| Stepping ~*~*~tactically~*~*~ (hiding).
  2763 | D:3      | 2763 ||| Stepping ~*~*~tactically~*~*~ (stealth).
  2764 | D:3      | 2764 ||| Stepping ~*~*~tactically~*~*~ (stealth).
  2885 | D:3      | 2885 ||| Stepping ~*~*~tactically~*~*~ (stealth).
  3225 | D:3      | Found Picheq's General Store.
  3233 | D:3      | 3233 ||| SHOPLISTING amulet of reflection (300 gold, have
                  | 163).
  3233 | D:3      | 3233 ||| SHOPLISTING ring of ice (250 gold, have 163).
  3233 | D:3      | 3233 ||| BUYING scroll of teleportation (30 gold).
  3233 | D:3      | Bought a scroll of teleportation for 30 gold pieces
  3283 | D:3      | 3283 ||| UPGRADING to +0 chain mail.
  3293 | D:3      | 3293 ||| DROPPING +0 scale mail.
  3294 | D:3      | 3294 ||| DROPPING +6 ring of intelligence.
  3295 | D:3      | 3295 ||| READING scroll labelled TAXUCY POANO.
  3296 | D:3      | 3296 ||| READING scroll labelled HEQOYF KAHE.
  3297 | D:3      | 3297 ||| READING scroll labelled KEUTZE WIAHODA.
  3298 | D:3      | 3298 ||| READING scroll labelled LUYWO ZAIT.
  3433 | D:4      | Reached skill level 4 in Fighting
  3433 | D:4      | Reached XP level 6. HP: 31/38 MP: 6/6
  3497 | D:4      | Noticed Edmund
  3512 | D:4      | Killed Edmund
  3554 | D:4      | 3554 ||| FLEEEEING.
  3555 | D:4      | 3555 ||| FLEEEEING.
  3556 | D:4      | 3556 ||| FLEEEEING.
  3557 | D:4      | 3557 ||| FLEEEEING.
  3558 | D:4      | 3558 ||| FLEEEEING.
  3559 | D:4      | 3559 ||| FLEEEEING.
  3560 | D:4      | 3560 ||| FLEEEEING.
  3563 | D:4      | 3563 ||| STAIRDANCE
  3589 | D:4      | 3589 ||| FLEEEEING.
  3590 | D:4      | 3590 ||| STAIRDANCE
  3653 | D:4      | 3653 ||| STAIRDANCE
  3656 | D:3      | Reached skill level 6 in Axes
  3680 | D:4      | 3680 ||| DROPPING +0 flail.
  3765 | D:4      | 3765 ||| Stepping ~*~*~tactically~*~*~ (stealth).
  3768 | D:4      | 3768 ||| Stepping ~*~*~tactically~*~*~ (hiding).
  3769 | D:4      | 3769 ||| Stepping ~*~*~tactically~*~*~ (hiding).
  3783 | D:4      | 3783 ||| Stepping ~*~*~tactically~*~*~ (stealth).
  3784 | D:4      | 3784 ||| Stepping ~*~*~tactically~*~*~ (stealth).
  3794 | D:4      | 3794 ||| Stepping ~*~*~tactically~*~*~ (stealth).
  3808 | D:4      | Reached skill level 1 in Dodging
  3808 | D:4      | Reached XP level 7. HP: 41/43 MP: 7/7
  3927 | D:4      | Noticed Robin
  3928 | D:4      | 3928 ||| Stepping ~*~*~tactically~*~*~ (hiding).
  3944 | D:4      | Killed Robin
  4182 | D:4      | Noticed Menkaure
  4183 | D:4      | 4183 ||| Stepping ~*~*~tactically~*~*~ (hiding).
  4191 | D:4      | Killed Menkaure
  4299 | D:4      | Found a stormy altar of Qazlal.
  4437 | D:4      | 4437 ||| UPGRADING to +1 helmet.
  4442 | D:4      | 4442 ||| READING scroll labelled HIETHR BULE.
  4443 | D:4      | 4443 ||| READING scroll labelled UKKOUT LELONN.
  4444 | D:4      | 4444 ||| DRINKING 2 sedimented clear potions.
  4464 | D:4      | 4464 ||| DRINKING 5 golden potions.
  4465 | D:4      | 4465 ||| READING 4 scrolls of identify.
  4465 | D:4      | 4465 ||| IDENTIFYING fizzy yellow potion
  4466 | D:4      | 4466 ||| READING 3 scrolls of identify.
  4466 | D:4      | 4466 ||| IDENTIFYING amethyst potion
  4467 | D:4      | 4467 ||| DRINKING potion of experience.
  4467 | D:4      | Reached skill level 13 in Fighting
  4467 | D:4      | Reached XP level 8. HP: 64/64 MP: 8/8
  4468 | D:4      | 4468 ||| READING 2 scrolls of identify.
  4468 | D:4      | 4468 ||| IDENTIFYING puce potion
  4469 | D:4      | 4469 ||| DROPPING potion of degeneration.
  4495 | D:5      | Entered Level 5 of the Dungeon
  4495 | D:5      | Found a staircase to the Ecumenical Temple.
  4496 | D:5      | 4496 ||| PLANNING TEMPLE
  4496 | D:5      | 4496 ||| STAIRDANCE
  4500 | D:5      | 4500 ||| STAIRDANCE
  4504 | D:5      | 4504 ||| STAIRDANCE
  4510 | D:5      | 4510 ||| STAIRDANCE
  4514 | D:5      | 4514 ||| STAIRDANCE
  4518 | D:5      | 4518 ||| STAIRDANCE
  4522 | D:5      | 4522 ||| STAIRDANCE
  4526 | D:5      | 4526 ||| STAIRDANCE
  4539 | D:4      | 4539 ||| UPGRADING to +0 plate armour.
  4549 | D:4      | 4549 ||| DROPPING +0 chain mail.
  4553 | D:5      | 4553 ||| STAIRDANCE
  4561 | D:5      | 4561 ||| STAIRDANCE
  4586 | D:5      | 4586 ||| STAIRDANCE
  4590 | D:5      | 4590 ||| STAIRDANCE
  4594 | D:5      | 4594 ||| STAIRDANCE
  4599 | D:5      | 4599 ||| STAIRDANCE
  4603 | D:5      | 4603 ||| STAIRDANCE
  4623 | D:5      | 4623 ||| FLEEEEING.
  4624 | D:5      | 4624 ||| STAIRDANCE
  4628 | D:5      | 4628 ||| STAIRDANCE
  4632 | D:5      | 4632 ||| STAIRDANCE
  4636 | D:5      | 4636 ||| STAIRDANCE
  4648 | D:5      | 4648 ||| FLEEEEING.
  4649 | D:5      | 4649 ||| STAIRDANCE
  4663 | Temple   | Entered the Ecumenical Temple
  4676 | Temple   | 4676 ||| PLANNING D:1-11
  4717 | D:5      | 4717 ||| Stepping ~*~*~tactically~*~*~ (stealth).
  4720 | D:5      | 4720 ||| Stepping ~*~*~tactically~*~*~ (stealth).
  4756 | D:5      | Found Tahad's General Store.
  4767 | D:5      | 4767 ||| BUYING 2 potions of curing (78 gold).
  4767 | D:5      | Bought 2 potions of curing for 78 gold pieces
  4767 | D:5      | 4767 ||| BUYING 2 potions of lignification (78 gold).
  4767 | D:5      | Bought 2 potions of lignification for 78 gold pieces
  4767 | D:5      | 4767 ||| SHOPLISTING potion of cancellation (104 gold, have
                  | 27).
  4767 | D:5      | 4767 ||| BUYING scroll of identify (26 gold).
  4767 | D:5      | Bought a scroll of identify for 26 gold pieces
  4785 | D:5      | Found a white marble altar of Elyvilon.
  4838 | D:5      | Reached XP level 9. HP: 68/68 MP: 9/9
  4900 | D:5      | 4900 ||| Stepping ~*~*~tactically~*~*~ (stealth).
  4908 | D:5      | 4908 ||| Stepping ~*~*~tactically~*~*~ (stealth).
  5016 | D:5      | Found a sacrificial altar of Ru.
  5032 | D:5      | Noticed Blork the orc
  5045 | D:5      | Killed Blork the orc
  5046 | D:5      | HP: 8/68 [ogre/+0 giant spiked club (22)]
  5047 | D:5      | 5047 ||| READING scroll of teleportation.
  5048 | D:5      | 5048 ||| DRINKING potion of heal wounds.
  5234 | D:5      | 5234 ||| Stepping ~*~*~tactically~*~*~ (stealth).
  5428 | D:5      | 5428 ||| UPGRADING to +0 pair of gloves.
  5433 | D:5      | 5433 ||| READING 3 scrolls of identify.
  5433 | D:5      | 5433 ||| IDENTIFYING cyan potion
  5434 | D:5      | 5434 ||| DROPPING potion of ambrosia.
  5654 | D:6      | Noticed a two-headed ogre
  5661 | D:6      | HP: 15/68 [two-headed ogre/+0 giant club (17)]
  5663 | D:6      | Slain by a two-headed ogre

Levels and vault maps discovered:
D:1:      dpeg_arrival_tiny_k, layout_basic, serial_curves, eino_curves_02,
          eino_curves_04, minmay_misc_feat_pillars
D:2:      kennysheep_the_goblin_king, layout_basic, dilly_guarded_unrand_morg
D:3:      layout_loops_ring, serial_shops, shop
D:4:      layout_loops_ring, mainiacjoe_overflow_alcove_2, uniq_robin,
          uniq_menkaure, uniq_edmund
D:5:      layout_rooms, elyvilon_altar_1, lemuel_round_altar,
          minmay_temple_entry_statues_fountains, serial_shops,
          nicolae_diamond_shop, uniq_blork_the_orc
D:6:      layout_rooms, kiku_gazebo_pond_becter, old_standard_altar
Temple:   hellmonk_temple_two_chambers

Skill      XL: |  1  2  3  4  5  6  7  8  9 |
---------------+----------------------------+-----
Axes           | 2 3 4 5 6 7 8 |  8.0
Fighting       | 4 13 | 13.8
Dodging        | 1 |  1.8
Armour         | 4 |  4.7
Shields        | |  3.2

Action                     |  1- 3 |  4- 6 |  7- 9 || total
---------------------------+-------+-------+-------++-------
  Melee: War axe           |   130 |   223 |   158 ||   511
    Use: Scroll            |     3 |     4 |     7 ||    14
         Potion            |     1 |     1 |     4 ||     6
 Armour: Scale mail        |    79 |    61 |       ||   140
         Chain mail        |       |    46 |    42 ||    88
         Plate armour      |       |       |    74 ||    74
  Dodge: Dodged            |    51 |    82 |    65 ||   198
  Block: Buckler           |    12 |    40 |    21 ||    73

Table legend:
 A = Non-vault XP
 B = Vault XP
 C = Vault XP percentage of total XP
 D = Non-vault monster count
 E = Vault monster count
 F = Vault count percentage of total count
                 A         B        C        D         E       F
            +---------+---------+-------+---------+---------+-------
      Total |    1885 |     551 |  22.6 |     115 |      24 |  17.3
            +---------+---------+-------+---------+---------+-------
        D:1 |      49 |       0 |   0.0 |      25 |       0 |   0.0
        D:2 |      51 |      97 |  65.5 |      25 |      13 |  34.2
        D:3 |     174 |       0 |   0.0 |      23 |       0 |   0.0
        D:4 |     456 |     354 |  43.7 |      20 |      10 |  33.3
        D:5 |     686 |     100 |  12.7 |      16 |       1 |   5.9
        D:6 |     469 |       0 |   0.0 |       6 |       0 |   0.0
            +---------+---------+-------+---------+---------+-------
